 Dungeon Crawl Stone Soup version 0.16-a0-3253-g5709529 (webtiles) character file.

1438 KaKa the Frost Mage (level 8, -14/54 (57) HPs)
             Began as a Ghoul Ice Elementalist on Dec 23, 2014.
             Was a Believer of Qazlal.
             Demolished by an orc warrior
             ... wielding a +0 short sword
              (18 damage)
             ... on level 8 of the Dungeon.
             The game lasted 00:53:28 (8484 turns).

KaKa the Frost Mage (Ghoul Ice Elementalist)        Turns: 8484, Time: 00:53:28

HP:   -14/54 (57)   AC: 11    Str: 14    XL:     8   Next: 74%
MP:   5/11          EV: 11    Int: 10    God:    Qazlal [**....]
Gold: 396           SH:  2    Dex:  9    Spells: 4 memorised, 1 level left

rFire  . . .     SeeInvis .     (no weapon)
rCold  + . .     Clarity  .     I - +0 leather armour
rNeg   + + +     SustAb   .     (no shield)
rPois  ∞         Gourm    .     (no helmet)
rElec  .         Spirit   .     c - +2 cloak
rCorr  .         Warding  .     (no gloves)
rMut   .         Stasis   +     (no boots)
MR     .....                    r - amulet of stasis
Stlth  +.........               (no ring)
                                (no ring)

@: icy armour, rotting, not resistant to hostile enchantments, very unstealthy
A: rotting body, claws 1, carnivore 3, cold resistance 1, negative energy
resistance 3, poison resistance, slow healing 1, torment resistance, unbreathing
a: Upheaval, Renounce Religion


You were on level 8 of the Dungeon.
You worshipped Qazlal.
Qazlal was pleased with you.
You were not hungry.

You visited 1 branch of the dungeon, and saw 8 of its levels.

You collected 471 gold pieces.
You spent 75 gold pieces at shops.

Inventory:

Hand weapons
 l - a cursed +0 blowgun
Missiles
 m - 15 stones (quivered)
 q - 14 poisoned needles
Armour
 c - a +2 cloak (worn)
 A - the +4 ring mail of Insatiable Hunger {Int+4 Dex+2}
   (You found it on level 5 of the Dungeon)

   It affects your intelligence (+4).
   It affects your dexterity (+2).
 I - a +0 leather armour (worn)
Jewellery
 r - an amulet of stasis (around neck)
Scrolls
 a - a scroll of blinking {unknown}
 e - 3 scrolls of remove curse
 h - a scroll of fog {unknown}
 k - 4 scrolls of teleportation
 n - a scroll of amnesia {unknown}
 w - 2 scrolls of noise
 x - a scroll of immolation {unknown}
 y - a scroll of recharging {unknown}
 B - a scroll of enchant armour {unknown}
 C - a scroll of torment {unknown}
 D - 2 scrolls of fear {unknown}
 E - a scroll of random uselessness {unknown}
Potions
 d - 3 potions of haste
 f - a potion of might
 i - 2 potions of ambrosia
 j - a potion of poison {unknown}
 o - 2 potions of restore abilities
 s - a potion of flight
 t - a potion of invisibility {unknown}
 u - a potion of mutation {unknown}
 H - a potion of berserk rage
Books
 b - a book of Frost

   Spells                             Type                      Level
   a - Freeze                         Ice                          1
   b - Throw Frost                    Conjuration/Ice              2
   c - Ozocubu's Armour               Charms/Ice                   3
   d - Throw Icicle                   Conjuration/Ice              4
   e - Summon Ice Beast               Ice/Summoning                4
   f - Condensation Shield            Ice                          4
 F - a Necronomicon {highlevel, unknown}

   This book is beyond your current level of understanding.

   Spells                             Type                      Level
   a - Haunt                          Necromancy/Summoning         7
   b - Borgnjor's Revivification      Necromancy                   8
   c - Death's Door                   Charms/Necromancy            8
   d - Necromutation                  Transmutation/Necromancy     8
Comestibles
 v - a meat ration
 z - 2 beef jerkies


   Skills:
 - Level 1.7 Dodging
 - Level 2.1 Stealth
 - Level 2.1 Spellcasting
 + Level 5.6 Conjurations
 - Level 2.1 Charms
 + Level 8.7 Ice Magic


You had one spell level left.
You knew the following spells:

 Your Spells              Type           Power        Failure   Level  Hunger
a - Freeze                Ice            ###.         1%          1    ##.....
b - Throw Frost           Conj/Ice       ###...       2%          2    ###....
c - Ozocubu's Armour      Chrm/Ice       ##......     12%         3    ####...
d - Throw Icicle          Conj/Ice       ###.....     17%         4    #####..


Dungeon Overview and Level Annotations

Branches:
Dungeon (8/15)             Temple (0/1) D:6
   Lair: D:8-11

Altars:
Qazlal

Shops:
D:4 *   D:5 ?


Innate Abilities, Weirdness & Mutations

Your body is rotting away.
You thrive on raw meat.
You have sharp fingernails.
You are carnivorous and can eat meat at any time.
Your flesh is cold resistant.
You are immune to negative energy.
Your system is resistant to poisons.
You heal slowly when monsters are visible.
You are immune to unholy pain and torment.
You can survive without breathing.


Message History

Aim: an orc warrior, wielding a short sword and wearing a chain mail (moderately wounded)
You freeze the orc warrior.
The orc warrior is heavily wounded.
Casting: Freeze
Confirm with . or Enter, or press ? or * to list all spells.
Aiming: Freeze
Press: ? - help, Shift-Dir - straight line, f/p - orc warrior
Aim: an orc warrior, wielding a short sword and wearing a chain mail (heavily wounded)
You freeze the orc warrior.
The orc warrior is severely wounded.
The orc warrior hits you with a short sword!
* * * LOW HITPOINT WARNING * * *
Drink which item? (? for menu, Esc to quit)
This potion cannot work under stasis.
You hear a shout!
The orc warrior hits you with a short sword!
* * * LOW HITPOINT WARNING * * *
There is a stone staircase leading up here.
The orc warrior hits you with a short sword!!
You die...

########## ###
###+####...#..#.##..##
#....................#
'....................+
#.......B......§.....#
#..............[@)...#
#<.(....(.).....o....#
#...###+#######.o##.##
#...# ......###..##'##+###
#............'...........#
#............#...........#
............ #...........#
........... #....>......#
.......... #..c........#


You could see a goliath beetle, an orc warrior, a centaur and an orc.

Vanquished Creatures
  A water moccasin (D:7)
  An ogre (D:7)
  A phantom (D:7)
  3 centaurs
  A giant frog (D:6)
  A scorpion (D:7)
  A water moccasin skeleton (D:8)
  A crimson imp (D:7)
  A giant frog zombie (D:7)
  2 hounds
  A centaur zombie (D:6)
  A goliath beetle (D:7)
  An orc priest (D:7)
  Crazy Yiuf (D:1)
  A giant frog skeleton (D:7)
  2 iguanas
  4 worker ants
  A killer bee zombie (D:5)
  A mummy (D:7)
  9 adders
  6 gnolls
  A giant mite (D:2)
  3 worms (D:2)
  An adder zombie (D:3)
  An adder skeleton (D:4)
  2 giant geckos
  An ooze (D:6)
  14 orcs
  3 giant cockroaches
  9 hobgoblins
  12 jackals
  12 kobolds
  3 quokkas
  A ball python (D:4)
  13 bats
  5 giant newts
  A giant spore (D:7)
  11 goblins
  2 jackal skeletons
  10 rats
  2 ballistomycetes (D:7)
148 creatures vanquished.

Notes
Turn   | Place    | Note
--------------------------------------------------------------
     0 | D:1      | KaKa, the Ghoul Ice Elementalist, began the quest for the Orb.
     0 | D:1      | Reached XP level 1. HP: 14/14 MP: 2/2
   656 | D:1      | Reached XP level 2. HP: 17/20 MP: 0/3
   834 | D:1      | Reached skill level 4 in Ice Magic
  1031 | D:2      | Noticed Crazy Yiuf
  1111 | D:1      | Killed Crazy Yiuf
  1111 | D:1      | Reached XP level 3. HP: 13/25 MP: 0/5
  1164 | D:2      | Reached skill level 5 in Ice Magic
  1171 | D:2      | Learned a level 2 spell: Throw Frost
  1396 | D:2      | Reached XP level 4. HP: 29/31 MP: 0/5
  2163 | D:2      | Reached skill level 6 in Ice Magic
  2163 | D:2      | Reached XP level 5. HP: 13/37 MP: 0/6
  2170 | D:2      | Learned a level 3 spell: Ozocubu's Armour
  2594 | D:3      | Reached skill level 1 in Charms
  2960 | D:4      | Got a smoking shield
  3013 | D:4      | Found Sofufy's Assorted Antiques.
  3292 | D:4      | Found a stormy altar of Qazlal.
  3297 | D:4      | Became a worshipper of Qazlal Stormbringer
  3516 | D:4      | Reached skill level 1 in Conjurations
  3557 | D:4      | Reached XP level 6. HP: 21/45 MP: 1/9
  3639 | D:4      | HP: 2/45 [gnoll/flail (9)]
  3923 | D:5      | Entered Level 5 of the Dungeon
  4168 | D:5      | Got a faintly humming ring mail
  4875 | D:5      | Found Xisumuo's Magic Scroll Boutique.
  4878 | D:5      | Bought a scroll of identify for 30 gold pieces
  4878 | D:5      | Bought a scroll of teleportation for 45 gold pieces
  4887 | D:5      | Identified the cursed -10 shield of the Stag {rElec Curse} (You found it on level 4 of the Dungeon)
  4906 | D:5      | Identified the cursed +4 ring mail of Insatiable Hunger {Int+4 Dex+2} (You found it on level 5 of the Dungeon)
  4994 | D:5      | Reached XP level 7. HP: 40/49 MP: 4/10
  5000 | D:5      | Learned a level 4 spell: Throw Icicle
  5036 | D:5      | Acquired Qazlal's first power
  5725 | D:6      | Found a staircase to the Ecumenical Temple.
  6111 | D:6      | Reached skill level 7 in Ice Magic
  6585 | D:7      | Reached XP level 8. HP: 43/57 MP: 2/11
  7218 | D:7      | Reached skill level 8 in Ice Magic
  7362 | D:7      | Reached skill level 5 in Conjurations
  8133 | D:7      | Acquired Qazlal's second power
  8484 | D:8      | Demolished by an orc warrior

Action                   |  1- 3 |  4- 6 |  7- 9 || total
-------------------------+-------+-------+-------++-------
Melee: Unarmed           |    14 |    81 |   193 ||   288
 Fire: Blowgun           |       |       |     2 ||     2
Throw: Throwing net      |     2 |       |       ||     2
       Stone             |       |    49 |     3 ||    52
 Cast: Freeze            |    51 |   150 |   109 ||   310
       Throw Frost       |       |     2 |     5 ||     7
       Ozocubu's Armour  |       |     5 |     9 ||    14
       Throw Icicle      |       |       |    12 ||    12
  Use: Scroll            |       |     4 |     6 ||    10
       Potion            |       |       |     1 ||     1
 Stab: Sleeping          |       |     2 |       ||     2
  Eat: Chunk             |     8 |    34 |    27 ||    69
       Beef jerky        |       |     2 |       ||     2
       Pizza             |       |     1 |       ||     1
